 Dungeon Crawl Stone Soup version 0.30-a0-371-gad7725a93e (webtiles) character file.

Game seed: 7365941689021358280

9081 oldriver the Thaumaturge (level 11, -3/81 HPs)
             Began as a Mummy Necromancer on Nov 20, 2022.
             Was an Elder of Hepliaklqana.
             Slain by a death yak (19 damage)
             ... in a Gauntlet.
             The game lasted 00:26:45 (10634 turns).

oldriver the Thaumaturge (Mummy Necromancer)       Turns: 10634, Time: 00:26:46

Health: -3/81      AC: 18    Str: 11    XL:     11   Next: 18%
Magic:  27/35      EV: 10    Int: 27    God:    Hepliaklqana [****..]
Gold:   202        SH:  5    Dex: 17    Spells: 12/33 levels left

rFire   . . .      SeeInvis .    u - +2 dagger "Lifebane" {flame, rElec Int+9}
rCold   + + .      Faith    +    i - +0 buckler
rNeg    + + +      Spirit   .    d - quicksilver dragon scales
rPois   ∞          Reflect  .    w - +1 helmet
rElec   +          Harm     .    C - scarf {rC+ rF+}
rCorr   .          Rampage  .    q - +2 pair of gloves {Dex+3}
Will    +++..      NoTele   +    v - +2 pair of boots
Stlth   +.........               c - amulet of the acrobat
HPRegen 0.33/turn                h - ring of willpower
MPRegen 0.24/turn                n - ring of magical power

@: no status effects
A: reduced essence, cold resistance 1, negative energy resistance 3, torment
resistance 2, heat vulnerability 1, in touch with death 1, no potions, faith
a: Renounce Religion, Recall Ancestor, Ancestor Identity, Transference, Idealise


You were in a Gauntlet.
You worshipped Hepliaklqana.
Hepliaklqana was greatly pleased with you.
You visited 3 branches of the dungeon, and saw 11 of its levels.
You also visited: Bailey and Gauntlet.

You collected 478 gold pieces.
You spent 276 gold pieces at shops.

Inventory:

Hand Weapons
 p - a +5 vorpal spear
 u - the +2 dagger "Lifebane" (weapon) {flame, rElec Int+9}
   (You found it on level 8 of the Dungeon)

   It burns those it strikes, dealing additional fire damage.
   Int:       It affects your intelligence (+9).
   rElec:     It insulates you from electricity.
 B - the +3 lajatang of the Swamp {flame, rElec rN+++ Will-}
   (You found it in a Gauntlet)

   It burns those it strikes, dealing additional fire damage.
   Big, fiery blades are also staple armaments of hydra-hunters.
   rElec:     It insulates you from electricity.
   rN:        It renders you almost immune to negative energy.
   Will:      It decreases your willpower.
Missiles
 a - a throwing net
Armour
 d - quicksilver dragon scales (worn)
 i - a +0 buckler (worn)
 q - a +2 pair of gloves of dexterity (worn)
 v - a +2 pair of boots (worn)
 w - a +1 helmet (worn)
 C - a scarf of resistance (worn)
Magical Staves
 k - a staff of death
Jewellery
 b - a +6 ring of strength
 c - an amulet of the acrobat (around neck)
 f - a +4 ring of evasion
 g - a ring of see invisible
 h - a ring of willpower (left hand)
 n - a ring of magical power (right hand)
 s - a +4 ring of protection
 t - a +6 ring of intelligence
Wands
 x - a wand of acid (2)
Scrolls
 e - 7 scrolls of teleportation
 j - a scroll of butterflies
 l - a scroll of magic mapping
 r - 5 scrolls of amnesia
 z - a scroll of noise
Miscellaneous
 A - a tin of tremorstones (inert)


   Skills:
 + Level 9.7 Fighting
 + Level 3.6 Armour
 - Level 2.0 Dodging
 - Level 2.0 Stealth
 + Level 3.1 Shields
 + Level 11.8 Spellcasting
 - Level 7.0 Conjurations
 + Level 1.2 Summonings
 - Level 4.0 Necromancy
 + Level 1.2 Air Magic


You had 12 spell levels left.
You knew the following spells:

 Your Spells              Type           Power      Damage    Failure   Level
a - Necrotise             Necr           100%       1d9       1%          1
b - Vampiric Draining     Necr           54%        2d9       6%          3
c - Animate Dead          Necr           54%        N/A       21%         4
d - Searing Ray           Conj           100%       2d8       1%          2
g - Summon Guardian Gole  Hex/Summ       19%        N/A       24%         3
p - Fulminant Prism       Conj/Hex       17%        3d11      26%         4
s - Summon Lightning Spi  Summ/Air       22%        N/A       54%         4

Your spell library contained the following spells:

 Spells                   Type           Power      Damage    Failure   Level
 Magic Dart               Conj           100%       1d8       1%          1
 Agony                    Necr           54%        N/A       50%         5
 Freezing Cloud           Conj/Ice/Air   15%        6-21      67%         5
 Orb of Destruction       Conj           26%        9d9       99%         7
 Simulacrum               Ice/Necr       20%        N/A       100%        6
 Spellforged Servitor     Conj/Summ      19%        N/A       100%        7
 Maxwell's Capacitive Co  Air            11%        ∞         100%        8
 Chain Lightning          Conj/Air       19%        3d25      100%        9
 Fire Storm               Conj/Fire      17%        8d4       100%        9
 Polar Vortex             Ice            8%         N/A       100%        9
 Shatter                  Erth           8%         3d10*     100%        9
 Storm Form               Tmut/Air       Unusable   N/A       N/A         7

Dungeon Overview and Level Annotations

Branches:
Dungeon (9/15)             Temple (1/1) D:5            Lair (1/5) D:9
    Orc (0/2) D:9          Bailey (visited)         Gauntlet (1/1)

Altars:
Ashenzari
Cheibriados
Dithmenos
Fedhas
Gozag
Hepliaklqana
Kikubaaqudgha
Makhleb
Nemelex Xobeh
Okawaru
Qazlal
Ru
Sif Muna
Trog
Uskayaw
Vehumet
Wu Jian
Xom
Yredelemnul

Shops:
D:2 *

Annotations:
D:5 1 runed translucent door
D:9 Erica
Temple 2 transporters Gauntlet 9 transporters, 1 runed translucent door


Innate Abilities, Weirdness & Mutations

Your life essence is reduced to manifest your ancestor. (-10% HP)
You are immune to poison.
Your flesh is cold resistant. (rC+)
You are immune to negative energy. (rN+++)
You are immune to unholy pain and torment.
You are vulnerable to heat. (rF-)
You are in touch with the powers of death.
You do not drink.
You have a special connection with the divine. (Faith)


Message History

The tremorstone explodes into fragments!
The burst of rock shards engulfs the necromancer!!
You kill the necromancer!
The burst of rock shards engulfs the death yak!
The burst of rock shards engulfs the death yak but does no damage.
The burst of rock shards engulfs the death yak!
The tin is emptied!
Casting: Searing Ray (safe; 1% risk of failure)
Confirm with . or Enter, or press ? or * to list all spells.
Okay, then.
Casting: Searing Ray (safe; 1% risk of failure)
Confirm with . or Enter, or press ? or * to list all spells.
Aiming: Vampiric Draining (dangerous; 6% risk of failure)
Press: ? - help, Shift-Dir - straight line, f - death yak
Aim: a death yak (heavily wounded, soul bound)
You feel a surge of power!
You draw life force from the death yak.
You feel life coursing into your body.
The death yak gores you but does no damage.
The death yak gores you.
Casting: Vampiric Draining (dangerous; 6% risk of failure)
Confirm with . or Enter, or press ? or * to list all spells.
Aiming: Vampiric Draining (dangerous; 6% risk of failure)
Press: ? - help, Shift-Dir - straight line, f/p - death yak
Aim: a death yak (heavily wounded, soul bound)
You feel a surge of power!
You draw life force from the death yak!
You feel life coursing into your body. The death yak closely misses you.
The death yak gores you!
* * * LOW HITPOINT WARNING * * *
Casting: Vampiric Draining (dangerous; 6% risk of failure)
Confirm with . or Enter, or press ? or * to list all spells.
Aiming: Vampiric Draining (dangerous; 6% risk of failure)
Press: ? - help, Shift-Dir - straight line, f/p - death yak
Aim: a death yak (severely wounded, soul bound)
You feel a surge of power!
You draw life force from the death yak.
You feel life coursing into your body. You block the death yak's attack.
The death yak gores you!
* * * LOW HITPOINT WARNING * * *
As you read the scroll of summoning, it crumbles to dust.
Wisps of shadow whirl around you... The death yak gores you!!
You die...

.♣P♣.♣.###..#....#...≈##
.......#©##.#©#.©#.P.##
########.##...#.|#.♣.≈##
.......#.###.###[#...≈≈#
.####..#.#......2#...≈##
.#...#!#.#########.P.##
5#.©.#©#©#.........♣.≈##
.#...#.#.#########.P.≈≈# # #
..####.#.#....YY@#...≈##...#
.......#.#..##BY##...## .♣.##.
########.#.##.Y###.♣..##.....
.......#©###.©##Y#.....#.♣.#
..P♣P..####.)##YY#...♣.#...##.
.P.P.P...#..##."p#.....#.©....
.#≈#≈#...#.......#.....#...##.
.≈≈≈≈≈.P.#########.....#.©.##.
.#≈#≈#.♣............∩..#......


You could see 4 death yaks, a green death and a friendly boulder beetle
(summoned).

Vanquished Creatures
  A necromancer (Gauntlet)
  A gargoyle (Bailey)
  A cane toad (Lair:1)
  2 hornets (Gauntlet)
  6 yaks (D:9)
  2 wyverns
  2 steam dragons
  4 water moccasins
  An orc warrior (D:6)
  2 ice beasts
  2 black bears
  An ogre (D:7)
  A centaur (D:8)
  A bullfrog (D:8)
  A necrophage (D:5)
  A scorpion (D:4)
  3 wights (D:7)
  6 killer bees
  2 vampire bats (Bailey)
  An electric eel (D:9)
  A howler monkey (D:9)
  6 orc priests
  5 hounds
  An iron imp (Gauntlet)
  A jelly (D:6)
  5 iguanas
  7 orc wizards
  9 adders
  A shadow imp (D:6)
  3 white imps
  An ufetubus (D:6)
  3 worms
  A dart slug (D:2)
  27 orcs
  7 bats
  4 endoplasms
  3 giant cockroaches
  4 goblins
  2 hobgoblins
  6 jackals
  7 kobolds
  4 quokkas
  9 ball pythons
  5 frilled lizards (D:1)
  11 orc zombies (Bailey)
  7 rats
  A butterfly (D:5)
182 creatures vanquished.

Vanquished Creatures (collateral kills)
  A rust devil (Gauntlet)
  A komodo dragon (Lair:1)
  A ynoxinul (Gauntlet)
  10 yaks (D:9)
  A wyvern (D:9)
  A vampire (Bailey)
  A basilisk (D:9)
  An orc warrior (D:9)
  2 bullfrogs
  A scorpion (D:9)
  4 killer bees
  4 vampire bats (Bailey)
  A howler monkey (D:9)
  5 wolf zombies (Bailey)
  A gnoll bouda (D:9)
  An iron imp (Gauntlet)
  An iguana (D:9)
  9 orcs
  10 orc zombies (Bailey)
56 creatures vanquished.

Vanquished Creatures (others)
  A water moccasin zombie (D:9)
  6 yak zombies (D:9)
  A basilisk zombie (D:9)
  A scorpion zombie (D:9)
  7 battlemagi
  An ancestor (D:7)
  2 fulminant prisms (Gauntlet)
  2 fungi
  5 plants
26 creatures vanquished.

Grand Total: 264 creatures vanquished

Notes
Turn   | Place    | Note
-------+----------+-------------------------------------------
     0 | D:1      | oldriver the Mummy Necromancer began the quest for the Orb.
     0 | D:1      | Reached XP level 1. HP: 13/13 MP: 4/4
   105 | D:1      | Reached skill level 3 in Spellcasting
   144 | D:1      | Reached skill level 1 in Fighting
   173 | D:1      | Reached XP level 2. HP: 21/21 MP: 4/6
  1038 | D:1      | Gained mutation: You are in touch with the powers of death.
                  | [Mummy growth]
  1038 | D:1      | Reached XP level 3. HP: 27/27 MP: 5/8
  1325 | D:2      | Found a radiant altar of Vehumet.
  1356 | D:2      | Learned a level 3 spell: Vampiric Draining
  1525 | D:2      | Reached skill level 4 in Spellcasting
  1719 | D:2      | Found Fuido's Assorted Antiques.
  1722 | D:2      | Bought a scroll labelled EQOXKUXZO for 24 gold pieces
  1722 | D:2      | Bought a scroll labelled PIVEMU UGEAF for 24 gold pieces
  1722 | D:2      | Bought a scroll labelled RISA EPLIVVAO for 24 gold pieces
  1894 | D:3      | Reached XP level 4. HP: 34/34 MP: 5/10
  2647 | D:4      | Reached skill level 5 in Spellcasting
  2647 | D:4      | Reached XP level 5. HP: 41/41 MP: 12/12
  3089 | D:4      | Reached skill level 6 in Spellcasting
  3089 | D:4      | Reached XP level 6. HP: 41/48 MP: 15/15
  3529 | D:5      | Entered Level 5 of the Dungeon
  3760 | D:5      | Reached skill level 5 in Fighting
  3800 | D:5      | Reached XP level 7. HP: 56/56 MP: 17/17
  3863 | D:5      | Reached skill level 7 in Spellcasting
  3959 | D:5      | Found a staircase to the Ecumenical Temple.
  3988 | D:5      | Found a runed translucent door.
  4036 | D:5      | Learned a level 4 spell: Animate Dead
  4417 | Temple   | Entered the Ecumenical Temple
  4417 | Temple   | Found a transporter.
  4417 | Temple   | Found a transporter.
  4419 | Temple   | Found a transporter.
  4419 | Temple   | Found a transporter.
  4443 | Temple   | Became a worshipper of Hepliaklqana the Forgotten
  4591 | D:6      | Reached skill level 8 in Spellcasting
  4721 | D:6      | Reached XP level 8. HP: 37/65 MP: 20/20
  4894 | D:6      | Reached skill level 9 in Spellcasting
  5172 | D:6      | Identified the +0 leather armour of Weightlessness {Str+3
                  | Dex-5 SInv}
  5552 | D:3      | Learned a level 2 spell: Searing Ray
  5664 | D:7      | Reached * piety under Hepliaklqana
  5687 | D:7      | Reached skill level 1 in Conjurations
  5832 | D:7      | Reached skill level 10 in Spellcasting
  5832 | D:7      | Reached XP level 9. HP: 29/66 MP: 23/23
  5924 | D:7      | Found a shadowy altar of Dithmenos.
  5995 | D:7      | Found a flagged portal.
  6036 | D:7      | Reached ** piety under Hepliaklqana
  6042 | D:7      | Remembered your ancestor Octavia as a battlemage
  6061 | Bailey   | Entered a bailey
  6903 | Bailey   | Noticed a gargoyle
  7024 | Bailey   | Killed a gargoyle
  7801 | D:8      | Reached skill level 1 in Armour
  7917 | D:2      | Bought a helmet for 108 gold pieces
  7917 | D:2      | Bought a brass wand for 96 gold pieces
  8045 | D:8      | Found a sparkling altar of Nemelex Xobeh.
  8080 | D:8      | Identified the +2 dagger "Lifebane" {flame, rElec Int+9}
  8118 | D:8      | Reached skill level 5 in Conjurations
  8402 | D:8      | Reached *** piety under Hepliaklqana
  8501 | D:8      | Learned a level 4 spell: Fulminant Prism
  8604 | D:9      | Noticed Erica
  8964 | D:9      | Reached XP level 10. HP: 73/73 MP: 24/24
  9082 | D:9      | Reached skill level 11 in Spellcasting
  9095 | D:9      | Reached skill level 1 in Shields
  9274 | D:9      | Found a staircase to the Lair.
  9446 | D:9      | Found a stormy altar of Qazlal.
  9461 | D:9      | Found a staircase to the Orcish Mines.
  9839 | D:9      | Learned a level 3 spell: Summon Guardian Golem
  9844 | D:9      | Learned a level 4 spell: Summon Lightning Spire
  9893 | Lair:1   | Entered Level 1 of the Lair of Beasts
  9917 | Lair:1   | Noticed a cane toad
  9925 | Lair:1   | Killed a cane toad
  9985 | Lair:1   | Reached **** piety under Hepliaklqana
 10033 | Lair:1   | Noticed a boulder beetle
 10041 | Lair:1   | Reached XP level 11. HP: 68/80 MP: 25/26
 10157 | Lair:1   | Found a gate leading to a gauntlet.
 10163 | Gauntlet | Entered a Gauntlet
 10163 | Gauntlet | Found a transporter.
 10190 | Gauntlet | Found a transporter.
 10192 | Gauntlet | Found a transporter.
 10205 | Gauntlet | Found a transporter.
 10206 | Gauntlet | Found a transporter.
 10209 | Gauntlet | Noticed a green death
 10213 | Gauntlet | Found a transporter.
 10229 | Gauntlet | Noticed a death yak
 10230 | Gauntlet | Found a transporter.
 10230 | Gauntlet | Noticed a death yak
 10230 | Gauntlet | Noticed a death yak
 10231 | Gauntlet | Noticed a necromancer
 10231 | Gauntlet | Noticed a death yak
 10241 | Gauntlet | Found a transporter.
 10249 | Gauntlet | Noticed a reaper
 10252 | Gauntlet | Found a transporter.
 10256 | Gauntlet | Found a runed translucent door.
 10272 | Gauntlet | Found a transporter.
 10283 | Gauntlet | Found a transporter.
 10283 | Gauntlet | Found a transporter.
 10326 | Gauntlet | Found a transporter.
 10340 | Gauntlet | Found a transporter.
 10485 | Gauntlet | Identified the +3 lajatang of the Swamp {flame, rElec rN+++
                  | Will-}
 10528 | Gauntlet | Reached skill level 1 in Air Magic
 10530 | Gauntlet | Reached skill level 1 in Summonings
 10630 | Gauntlet | Killed a necromancer
 10634 | Gauntlet | Slain by a death yak

Illustrated notes

Levels and vault maps discovered:
D:1:      dpeg_arrival_water_altar, layout_basic
D:2:      layout_basic, serial_shops, nicolae_shop_hallway_stairs, basic_altar
D:3:      layout_basic
D:4:      layout_rooms
D:5:      layout_cave_pools, minmay_temple_entry_butterflies,
          lightli_church_of_beogh
D:6:      layout_rooms, serial_glass, glass_columns_a, glass_columns_c
D:7:      layout_rooms, grunt_dithmenos_smoke_and_mirrors, enter_bailey_8,
          amcnicky_mini_pool_small
D:8:      layout_cave_pools, lemuel_tele_altar, gammafunk_temple_overflow_wave
D:9:      layout_long_grid, mainiacjoe_overflow_small_starburst,
          minmay_lair_entry_grove, orc_0_dummy, kennysheep_dice, uniq_erica
Temple:   hellmonk_temple_divided_pantheon
Lair:1:   layout_regular_city, gauntlet_entry_generic, serial_bayou_shore_a,
          lemuel_fruit_tree
Gauntlet: minmay_gauntlet_77_tree [minmay_gauntlet_arena_77_two_paths,
          minmay_gauntlet_arena_77_double_cross, minmay_gauntlet_arena_77_box,
          minmay_gauntlet_arena_77_path, minmay_gauntlet_arena_77_block_sizes,
          minmay_gauntlet_arena_77_two_lines,
          minmay_gauntlet_arena_77_broken_ladder, gauntlet_exit_green]

Skill      XL: |  1  2  3  4  5  6  7  8  9 10 11 |
---------------+----------------------------------+-----
Spellcasting   | 3 4 5 6 8 10 11 | 11.8
Fighting       | 1 2 3 4 5 6 7 8 9 |  9.7
Conjurations   | 2 5 6 7 |  7.0
Armour         | 1 3 |  3.6
Dodging        | 2 |  2.0
Stealth        | 2 |  2.0
Shields        | 2 3 |  3.1
Air Magic      | 1 |  1.2
Summonings     | 1 |  1.2
Necromancy     | |  4.0

Action                   |  1- 3 |  4- 6 |  7- 9 | 10-12 || total
-------------------------+-------+-------+-------+-------++-------
Melee: Unarmed           |     8 |       |       |       ||     8
       Long sword        |     2 |     7 |       |       ||     9
       Punch             |     1 |       |       |       ||     1
       Spear             |       |    17 |   153 |       ||   170
 Cast: Necrotise         |    73 |    90 |   130 |    87 ||   380
       Vampiric Draining |       |    12 |    23 |    16 ||    51
       Searing Ray       |       |       |     7 |     1 ||     8
       Animate Dead      |       |       |       |     2 ||     2
       Fulminant Prism   |       |       |       |     2 ||     2
       Summon Guardian G |       |       |       |     1 ||     1
Invok: Recall Ancestor   |       |       |     1 |       ||     1
       Ancestor Life: Ba |       |       |     1 |       ||     1
Evoke: Tin of tremorston |       |       |       |     2 ||     2
  Use: Scroll            |     3 |     8 |     6 |     6 ||    23
 Stab: Sleeping          |       |     1 |       |       ||     1
Armor: Robe              |     8 |     4 |    34 |       ||    46
       Quicksilver drago |       |       |    28 |    23 ||    51
Dodge: Dodged            |    24 |    53 |   186 |    26 ||   289
Block: Buckler           |       |       |     3 |    11 ||    14

Table legend: (Time is in decaauts)
 A = Elapsed time spent in this place.
 B = Non-inter-level travel time spent in this place.
 C = Inter-level travel time spent in this place.
 D = Time resting spent in this place.
 E = Time spent auto-exploring this place.
 F = Levels seen in this place.
 G = Mean time per level.
                   A        B        C        D        E       F      G
               +--------+--------+--------+--------+--------+-----+--------+
         Total |  10672 |  10076 |    596 |   1497 |   5920 |  13 |  820.9 |
       Dungeon |   8493 |   7897 |    596 |    699 |   5439 |   9 |  943.7 |
        Temple |     48 |     48 |      0 |      0 |      6 |   1 |   48.0 |
          Lair |    273 |    273 |      0 |     79 |      0 |   1 |  273.0 |
        Bailey |   1386 |   1386 |      0 |    713 |    226 |   1 | 1386.0 |
      Gauntlet |    470 |    470 |      0 |      6 |    249 |   1 |  470.0 |
               +--------+--------+--------+--------+--------+-----+--------+

Top non-repeatable levels by time:
  Bailey: 1386 daAuts
     D:9: 1234 daAuts
     D:1: 1185 daAuts
     D:5: 1136 daAuts
     D:3: 1062 daAuts
     D:6: 896 daAuts
     D:8: 847 daAuts
     D:4: 811 daAuts
     D:2: 673 daAuts
     D:7: 646 daAuts
Gauntlet: 470 daAuts
  Lair:1: 273 daAuts
  Temple: 48 daAuts
